 Dungeon Crawl Stone Soup version 0.28-a0-769-g550dbda0cd (webtiles) character file.

Game seed: 2408494535513750054

2 pokeman the Magician (level 1, -1/10 HPs)
             Began as a Deep Elf Hedge Wizard on Oct 31, 2021.
             Slain by a kobold (2 damage)
             ... on level 1 of the Dungeon.
             The game lasted 00:00:20 (51 turns).

pokeman the Magician (Deep Elf Hedge Wizard)          Turns: 51, Time: 00:00:20

Health: -1/10      AC:  2    Str:  7    XL:     1   Next: 25%
Magic:  1/7        EV: 12    Int: 18    God:
Gold:   10         SH:  0    Dex: 14    Spells: 7/8 levels left

rFire   . . .      SeeInvis .   a - +0 dagger
rCold   . . .      Faith    .   (no shield)
rNeg    . . .      Spirit   .   b - +0 robe
rPois   .          Reflect  .   c - +0 hat
rElec   .          Harm     .   (no cloak)
rCorr   .          Rampage  .   (no gloves)
Will    .....                   (no boots)
Stlth   ++........              (no amulet)
HPRegen 0.03/turn               (no ring)
MPRegen 0.10/turn               (no ring)

@: no status effects
A: no striking features
a: no special abilities


You were on level 1 of the Dungeon.
You visited 1 branch of the dungeon, and saw 1 of its levels.

You collected 10 gold pieces.

Inventory:

Hand Weapons
 a - a +0 dagger (weapon)
Armour
 b - a +0 robe (worn)
 c - a +0 hat (worn)


   Skills:
 + Level 0.0 Fighting
 + Level 0.0 Armour
 - Level 2.4 Dodging
 - Level 2.4 Stealth
 * Level 4.4 Spellcasting
 + Level 1.1 Conjurations
 - Level 1.1 Summonings
 - Level 1.1 Translocations


You had 7 spell levels left.
You knew the following spells:

 Your Spells              Type           Power      Damage    Failure   Level
a - Magic Dart            Conj           32%        1d4       9%          1

Your spell library contained the following spells:

 Spells                   Type           Power      Damage    Failure   Level
 Slow                     Hex            16%        N/A       14%         1
 Blink                    Tloc           16%        N/A       14%         2
 Call Imp                 Summ           8%         N/A       14%         2
 Conjure Flame            Conj/Fire      6%         6-21      32%         3
 Mephitic Cloud           Conj/Pois/Air  5%         N/A       34%         3


Dungeon Overview and Level Annotations

Branches:
Dungeon (1/15)

Altars:


Message History

The kobold is moderately wounded.
The kobold misses you.
You hit the kobold but do no damage.
The kobold is moderately wounded.
The kobold hits you with a +0 club.
Casting: Magic Dart (safe; 9% risk of failure)
Confirm with . or Enter, or press ? or * to list all spells.
Aiming: Magic Dart (safe; 9% risk of failure)
Press: ? - help, Shift-Dir - straight line, f/p - kobold
Aim: a kobold, wielding a +0 club and quivering stones (moderately wounded, 100% to hit)
You miscast Magic Dart.
You are very lightly contaminated with residual magic.
Nothing appears to happen.
The kobold barely misses you.
You hit the kobold but do no damage.
The kobold is moderately wounded.
The kobold hits you with a +0 club.
* * * LOW HITPOINT WARNING * * *
You closely miss the kobold.
The kobold is moderately wounded.
The kobold closely misses you.
You hit the kobold but do no damage.
The kobold is moderately wounded.
The kobold hits you but does no damage.
You hit the kobold but do no damage.
The kobold is moderately wounded.
The kobold barely misses you.
You hit the kobold but do no damage.
The kobold is moderately wounded.
The kobold misses you.
You barely miss the kobold.
The kobold is moderately wounded.
The kobold misses you.
You barely miss the kobold.
The kobold is moderately wounded.
The kobold misses you.
Your magical contamination has completely faded away.
You barely miss the kobold.
The kobold is moderately wounded.
The kobold hits you with a +0 club.
You die...

# ... ..#
#.#########.#.....
..................
#.##......########
##.........#..
........##.#.##
.####...#..#<.#
#...#.K##.#
#...#..@..#
#...#.....#
#...#........
#...##########
##...


You could see a kobold.

Vanquished Creatures
  A bat (D:1)
  A kobold (D:1)
2 creatures vanquished.

Notes
Turn   | Place    | Note
-------+----------+-------------------------------------------
     0 | D:1      | pokeman the Deep Elf Hedge Wizard began the quest for the
                  | Orb.
     0 | D:1      | Reached XP level 1. HP: 10/10 MP: 7/7
    51 | D:1      | Slain by a kobold

Illustrated notes

Levels and vault maps discovered:
D:1:      ebering_trefoil_twist, layout_rooms, shapermc_ecumenical_altar_gd,
          serial_bayou_lake_a

Action                   || total
-------------------------++-------
Melee: Dagger            ||    15
 Cast: Magic Dart        ||     8
Armor: Robe              ||     1
Dodge: Dodged            ||    16

Table legend: (Time is in decaauts)
 A = Elapsed time spent in this place.
 B = Non-inter-level travel time spent in this place.
 C = Inter-level travel time spent in this place.
 D = Time resting spent in this place.
 E = Time spent auto-exploring this place.
 F = Levels seen in this place.
 G = Mean time per level.
                   A        B        C        D        E       F      G
               +--------+--------+--------+--------+--------+-----+--------+
         Total |     51 |     51 |      0 |      5 |     14 |   1 |   51.0 |
       Dungeon |     51 |     51 |      0 |      5 |     14 |   1 |   51.0 |
               +--------+--------+--------+--------+--------+-----+--------+

Top non-repeatable levels by time:
     D:1: 51 daAuts
